 Dungeon Crawl Stone Soup version 0.32-a0-953-g508020473e (webtiles) character file.

Game seed: 15513318890318450625

11 Esekla the Vexing (level 2, -1/20 HPs)
             Began as a Demonspawn Wanderer on Apr 16, 2024.
             Slain by a rat (2 damage)
             ... on level 1 of the Dungeon.
             The game lasted 00:02:40 (237 turns).

Esekla the Vexing (Demonspawn Wanderer)              Turns: 237, Time: 00:02:41

Health: -1/20      AC:  2    Str: 12    XL:     2   Next: 17%
Magic:  5/5        EV: 10    Int: 12    God:
Gold:   26         SH:  0    Dex: 12    Spells: 0/5 levels left

rFire   . . .        a - +0 dagger
rCold   . . .        (no shield)
rNeg    . . .        d - +0 robe
rPois   .            (no helmet)
rElec   .            (no cloak)
rCorr   .            (no gloves)
SInv    .            (no boots)
Will    .....        (no amulet)
Stlth   +            (no ring)
HPRegen 0.23/turn    (no ring)
MPRegen 0.09/turn

%: no passive effects
@: no status effects
A: ignite blood 1
a: no special abilities


You were on level 1 of the Dungeon.
You visited 1 branch of the dungeon, and saw 1 of its levels.

You collected 26 gold pieces.

Inventory:

Hand Weapons
 a - a +0 dagger (weapon)
Missiles
 b - 8 boomerangs (quivered)
Armour
 d - a +0 robe (worn)
Magical Staves
 e - a staff of death


   Skills:
 * Level 0.6 Fighting
 + Level 0.3 Short Blades
 + Level 2.8 Throwing
 + Level 0.1 Stealth
 * Level 2.1 Spellcasting
 - Level 3.0 Hexes
 * Level 1.2 Translocations
 + Level 1.2 Invocations


You couldn't memorise any spells.
You knew the following spells:

 Your Spells              Type           Power      Damage    Failure   Level
a - Slow                  Hex            32%        N/A       8%          1
b - Blink                 Tloc           8%         N/A       24%         2
c - Sting                 Conj/Alch      4%         1d3       26%         1
p - Apportation           Tloc           8%         N/A       16%         1

Your spell library contained the following spells:

 Spells                   Type           Power      Damage    Failure   Level
 Lesser Beckoning         Tloc           8%         N/A       24%         2
 Tukima's Dance           Hex            8%         N/A       24%         3
 Necrotise                Necr           4%         1d4       26%         1
 Summon Small Mammal      Summ           4%         N/A       26%         1
 Dazzling Flash           Conj/Hex       8%         N/A       41%         3


Dungeon Overview and Level Annotations

Branches:
Dungeon (1/15)

Altars:


Innate Abilities, Weirdness & Mutations

Your demonic aura sometimes causes spilled blood to erupt in flames.


Message History

You closely miss the frilled lizard.
Your surroundings suddenly seem different.
You see here a hobgoblin corpse.
Things that are here:
a +0 dagger; a goblin corpse
Things that are here:
a +0 short sword; a kobold corpse This spell is quite dangerous to cast!
You start memorising the spell.
You continue memorising. x2
You finish memorising.
Spell assigned to 'b'.
You start memorising the spell.
You continue memorising.
You finish memorising.
Spell assigned to 'c'.
You hit the kobold.
The kobold is moderately wounded.
The kobold hits you with a +0 club.
* * * LOW HITPOINT WARNING * * *
You barely miss the kobold.
The kobold is moderately wounded.
The kobold closely misses you.
The rat twitches its whiskers.
You barely miss the kobold. The kobold hits you with a +0 club.
* * * LOW HITPOINT WARNING * * *
You hit the kobold.
The kobold is moderately wounded.
The kobold barely misses you.
You hit the kobold but do no damage.
The kobold is moderately wounded.
The kobold hits you with a +0 club.
* * * LOW HITPOINT WARNING * * *
You hit the kobold.
You kill the kobold!
You barely miss the rat. The rat bites you but does no damage.
You hit the rat.
The rat is moderately wounded.
The rat bites you.
* * * LOW HITPOINT WARNING * * *
You barely miss the rat.
The rat is moderately wounded.
The rat bites you.
You die...

..PPP................†........!..
.P..♣..PPPP........K......##.....
P♣PP♣P<..♣PP.......r.....## .....
P.P.♣P...PP.......#.....## .....
..PP♣PPP....[†########### .....
..⌠.PPP^......# .....
.......^......# ######
.............)####....#
############...r@.....#
#..)##.....# #...###....# #...#
#....# ##### #....# ######


You could see a rat.

Vanquished Creatures
  An endoplasm (D:1)
  A goblin (D:1)
  4 hobgoblins (D:1)
  2 kobolds (D:1)
  A quokka (D:1)
9 creatures vanquished.

Notes
Turn   | Place    | Note
-------+----------+-------------------------------------------
     0 | D:1      | Esekla the Demonspawn Wanderer began the quest for the Orb.
     0 | D:1      | Esekla set off with the following items: a +0 dagger, 8
                  | boomerangs, a scroll of teleportation, a +0 robe; and the
                  | following spell memorised: Slow; and the following spells
                  | available to memorise: Tukima's Dance, Blink, Lesser
                  | Beckoning, Dazzling Flash.
     0 | D:1      | Reached XP level 1. HP: 13/13 MP: 3/3
    11 | D:1      | Learned a level 1 spell: Apportation
   177 | D:1      | Gained mutation: Your demonic aura sometimes causes spilled
                  | blood to erupt in flames. [demonic ancestry]
   177 | D:1      | Reached XP level 2. HP: 20/20 MP: 5/5
   209 | D:1      | HP: 1/20 [quokka (2)]
   227 | D:1      | Learned a level 2 spell: Blink
   229 | D:1      | Learned a level 1 spell: Sting
   236 | D:1      | HP: 1/20 [rat (2)]
   237 | D:1      | Slain by a rat

Illustrated notes

Levels and vault maps discovered:
D:1:      spicycebolla_arrival_clurvy, layout_rooms

Action                     || total
---------------------------++-------
  Melee: Dagger            ||    40
  Throw: Boomerang         ||     2
   Cast: Apportation       ||     3
    Use: Scroll            ||     1
   Stab: Sleeping          ||     1
 Armour: Robe              ||    22
  Dodge: Dodged            ||    15

Table legend: (Time is in decaauts)
 A = Elapsed time spent in this place.
 B = Non-inter-level travel time spent in this place.
 C = Inter-level travel time spent in this place.
 D = Time resting spent in this place.
 E = Time spent auto-exploring this place.
 F = Levels seen in this place.
 G = Mean time per level.
                   A        B        C        D        E       F      G
               +--------+--------+--------+--------+--------+-----+--------+
         Total |    236 |    236 |      0 |     40 |     19 |   1 |  236.0 |
       Dungeon |    236 |    236 |      0 |     40 |     19 |   1 |  236.0 |
               +--------+--------+--------+--------+--------+-----+--------+

Top non-repeatable levels by time:
     D:1: 236 daAuts
